 Dungeon Crawl Stone Soup version 0.25-a0-942-g87a53962fc (webtiles) character file.

Game seed: 13586160790624925669, levelgen mode: deterministic

8 Iscandelvey the Vexing (level 2, 21/21 HPs)
             Began as a Demonspawn Arcane Marksman on May 8, 2020.
             Quit the game on level 1 of the Dungeon.
             The game lasted 00:00:18 (187 turns).

Iscandelvey the Vexing (Demonspawn Arcane Marksman)  Turns: 187, Time: 00:00:19

Health: 21/21      AC:  2    Str: 10    XL:     2   Next: 0%
Magic:  3/3        EV: 12    Int: 14    God:
Gold:   6          SH:  0    Dex: 13    Spells: 2/3 levels left

rFire    + . .     SeeInvis .   a - +0 hunting sling
rCold    . . .     Gourm    .   (no shield)
rNeg     . . .     Faith    .   e - +0 robe
rPois    .         Spirit   .   (no helmet)
rElec    .         Reflect  .   (no cloak)
rCorr    .         Harm     .   (no gloves)
MR       .....                  (no boots)
Stlth    +.........             (no amulet)
HPRegen  0.07/turn              (no ring)
MPRegen  0.08/turn              (no ring)

@: no status effects
A: fire resistance 1
a: no special abilities


You were on level 1 of the Dungeon.
You were not hungry.

You visited 1 branch of the dungeon, and saw 1 of its levels.

You collected 6 gold pieces.

Inventory:

Hand Weapons
 a - a +0 hunting sling (weapon)
Missiles
 d - 18 sling bullets (quivered)
 l - 7 stones
Armour
 e - a +0 robe (worn)
Scrolls
 b - a scroll of teleportation {unknown}
 i - a scroll of remove curse {unknown}
Potions
 g - a potion of invisibility {unknown}
 h - a potion of resistance {unknown}
 j - a potion of lignification {unknown}
 k - a potion of experience {unknown}
Comestibles
 c - 7 chunks of flesh
 f - a ration


   Skills:
 + Level 1.0 Fighting
 + Level 2.1 Slings
 + Level 1.9 Dodging
 + Level 1.0 Spellcasting
 + Level 3.2 Hexes


You had 2 spell levels left.
You knew the following spells:

 Your Spells              Type           Power        Failure   Level  Hunger
a - Corona                Hex            #......      7%          1    ##.....

Your spell library contained the following spells:

 Spells                   Type           Power        Failure   Level  Hunger
 Slow                     Hex            #.......     11%         2    ###....
 Inner Flame              Hex/Fire       #.......     38%         3    ####...
 Portal Projectile        Hex/Tloc       #.....       38%         3    ####...
 Cause Fear               Hex            #.........   56%         4    #####..
 Leda's Liquefaction      Hex/Erth       #.........   80%         4    #####..


Dungeon Overview and Level Annotations

Branches:
Dungeon (1/15)

Altars:
Xom


Innate Abilities, Weirdness & Mutations

Your flesh is heat resistant. (rF+)


Message History

Firing (i - inventory. (/) - cycle)
d - 20 sling bullets (quivered)
Press: ? - help, Shift-Dir - straight line, f - kobold
Aim: a kobold, wielding a +0 short sword and quivering 3 stones You shoot a sling bullet.
The sling bullet barely misses the kobold.
The kobold throws a stone.
The stone closely misses you.
A kobold is nearby!
Firing (i - inventory. (/) - cycle)
d - 19 sling bullets (quivered)
Press: ? - help, Shift-Dir - straight line, f/p - kobold
Aim: a kobold, wielding a +0 short sword and quivering 2 stones You shoot a sling bullet.
The sling bullet hits the kobold!
You kill the kobold!
You have reached level 2!
Your demonic ancestry asserts itself...
You feel resistant to heat.
l - 7 stones (gained 2)
There is a stone staircase leading down here.
Things that are here:
a +0 short sword; 2 stones; 2 sling bullets Are you sure you want to abandon this character and quit the game? (Confirm with "yes".)

.^_^..#.####..##.##.#####.##
.^^....รท............##
.....#.#########.....#
).###...# #####.# ### #...#
#.# #...# #####.##########
#...# #......#.......# #...#
#.#............# .....
...###@#.#..#.......#
..........#..........#
g...###.>..>.#.......# ##
#...............#
##......#.......#
##.############# #.# #.# #.#


You could see a hobgoblin (wandering).

Vanquished Creatures
  3 hobgoblins (D:1)
  A frilled lizard (D:1)
  3 kobolds (D:1)
7 creatures vanquished.

Notes
Turn   | Place    | Note
-------+----------+-------------------------------------------
     0 | D:1      | Iscandelvey the Demonspawn Arcane Marksman began the quest
                  | for the Orb.
     0 | D:1      | Reached XP level 1. HP: 15/15 MP: 2/2
    20 | D:1      | Found a shimmering altar of Xom.
   176 | D:1      | Gained mutation: Your flesh is heat resistant. (rF+)
                  | [demonic ancestry]
   176 | D:1      | Reached XP level 2. HP: 21/21 MP: 3/3
   187 | D:1      | Quit the game

Levels and vault maps discovered:
D:1:      saegor_arrival_simple_a, layout_loops_cross, xom_teletrap_fun

Skill      XL: |  1 |
---------------+----+-----
Slings         | 2 |  2.1
Fighting       | |  1.0
Dodging        | |  1.9
Spellcasting   | |  1.0
Hexes          | |  3.2

Action                   || total
-------------------------++-------
 Fire: Hunting sling     ||    20
Dodge: Dodged            ||     2

Table legend:
 A = Non-vault XP
 B = Vault XP
 C = Vault XP percentage of total XP
 D = Non-vault monster count
 E = Vault monster count
 F = Vault count percentage of total count
                 A         B        C        D         E       F
            +---------+---------+-------+---------+---------+-------
      Total |      12 |       0 |   0.0 |       7 |       0 |   0.0
            +---------+---------+-------+---------+---------+-------
        D:1 |      12 |       0 |   0.0 |       7 |       0 |   0.0
            +---------+---------+-------+---------+---------+-------
